 Dungeon Crawl Stone Soup version 0.18-a0-1604-gf68bb23 (webtiles) character file.

11337 Geeful the Martial Artist (level 11, -1/63 HPs)
             Began as an Octopode Transmuter on Mar 21, 2016.
             Was a Priest of Dithmenos.
             Impaled on a porcupine's spines (11 damage)
             ... on level 2 of the Lair of Beasts.
             The game lasted 01:15:24 (16414 turns).

Geeful the Martial Artist (Octopode Transmuter)    Turns: 16414, Time: 01:15:25

Health: -1/63      AC:  1    Str:  9    XL:     11   Next: 76%
Magic:  14/23      EV: 20    Int: 16    God:    Dithmenos [***...]
Gold:   71         SH:  0    Dex: 16    Spells: 4 memorised, 15 levels left

rFire  + + .     SeeInvis .       - Unarmed
rCold  . . .     Gourm    .     (shield currently unavailable)
rNeg   + . .     Faith    .     (helmet restricted)
rPois  +         Spirit   .     J - amulet of magic regeneration
rElec  .         Dismiss  .     p - +2 ring of evasion
rCorr  .         Reflect  .     y - ring of poison resistance
SustAt .         Harm     .     A - ring of flight
MR     .....                    P - ring of protection from fire
Stlth  ++++......               U - ring of protection from fire
                                s - ring of positive energy
                                (no ring)
                                (no ring)

@: blade tentacles, very slightly contaminated, wreathed by umbra, not resistant
to hostile enchantments, stealthy
A: almost no armour, amphibious, 8 rings, constrict 8, camouflage 1, gelatinous
body 1
a: End Transformation, Shadow Step, Renounce Religion, Evoke Flight


You were on level 2 of the Lair of Beasts.
You worshipped Dithmenos.
Dithmenos was most pleased with you.
You were near starving.
You had blades for tentacles.
You visited 3 branches of the dungeon, and saw 13 of its levels.
You also visited: Sewer and Ice Cave.

You collected 462 gold pieces.
You spent 391 gold pieces at shops.

Inventory:

Missiles
 a - 78 arrows
 q - 35 poisoned needles
 u - 7 tomahawks (quivered)
 R - 3 poisoned arrows
Armour
 i - a +0 shield
 Q - a +1 buckler (melded)
Jewellery
 p - a +2 ring of evasion (left scythe-like blade)
 s - a ring of positive energy (on tentacle)
 y - a ring of poison resistance (right scythe-like blade)
 A - a ring of flight (on tentacle)
 J - an amulet of magic regeneration (around mantle)
 P - a ring of protection from fire (on tentacle)
 U - a ring of protection from fire (on tentacle)
 X - an uncursed ring of fire
Wands
 r - a wand of polymorph (11/24)
 v - a wand of iceblast (6/15)
 x - a wand of digging (24/24)
 M - a wand of slowing (29/48)
 O - a wand of lightning (7/15)
 S - a wand of lightning (7/15)
 T - a wand of disintegration (13/24)
Scrolls
 e - 4 scrolls of remove curse
 f - a scroll of blinking
 j - a scroll of amnesia
 k - 2 scrolls of fear
 n - a scroll of recharging
 o - 2 scrolls of teleportation
 I - a scroll of enchant armour
 N - a scroll of holy word
 V - a scroll of fog {unknown}
Potions
 d - 2 potions of heal wounds
 h - a potion of mutation {unknown}
 t - 4 potions of might
 B - 2 potions of brilliance
 C - 3 potions of haste {unknown}
 E - 2 potions of curing
 G - a potion of ambrosia {unknown}
 K - 2 potions of magic
 L - 2 potions of agility
 W - a potion of invisibility
Books
 b - a book of Changes

   Spells                             Type                      Level
   a - Beastly Appendage              Transmutation                1
   b - Sticks to Snakes               Transmutation                2
   c - Spider Form                    Transmutation/Poison         3
   d - Ice Form                       Ice/Transmutation            4
   e - Blade Hands                    Transmutation                5
Miscellaneous
 w - a plain deck of defence
Comestibles
 c - 12 bread rations
 g - 2 slices of pizza
 m - 5 meat rations


   Skills:
 - Level 1.0 Fighting
 + Level 9.2 Dodging
 + Level 5.1 Shields
 + Level 9.5 Unarmed Combat
 - Level 8.3 Spellcasting
 + Level 8.9 Transmutations


You had 15 spell levels left.
You knew the following spells:

 Your Spells              Type           Power        Failure   Level  Hunger
a - Beastly Appendage     Trmt           #####.       10%         1    None
b - Sticks to Snakes      Trmt           #####...     12%         2    None
c - Spider Form           Trmt/Pois      ###.......   36%         3    #......
d - Blade Hands           Trmt           #####.....   45%         5    #####..


Dungeon Overview and Level Annotations

Branches:
Dungeon (10/15)            Temple (1/1) D:7            Lair (2/8) D:9
    Orc (0/2) D:9

Altars:
Ashenzari
Cheibriados
Dithmenos
Elyvilon
Fedhas
Gozag
Kikubaaqudgha
Makhleb
Nemelex Xobeh
Okawaru
Pakellas
Qazlal
Ru
Sif Muna
Trog
Vehumet
Xom
Yredelemnul
Zin
The Shining One
Beogh

Shops:
D:8 :   D:9 !   D:10 *

Annotations:
Lair:2 Fannar


Innate Abilities, Weirdness & Mutations

You cannot wear most types of armour.
You are amphibious.
You can wear up to eight rings at the same time.
You can use your tentacles to constrict eight enemies at once.
Your skin changes colour to match your surroundings (Stealth).
Your rubbery body absorbs attacks (AC +1).


Message History

Your +1 buckler unmelds from your body.
The porcupine closely misses you. You block the porcupine's attack.
You hear the slow rumble of a distant avalanche of rocks.
The porcupine closely misses you. The porcupine misses you.
The river rat twitches its whiskers.
Casting: Blade Hands
Confirm with . or Enter, or press ? or * to list all spells.
You miscast Blade Hands.
You are very lightly contaminated with residual magic.
Nothing appears to happen.
The porcupine bites you. The porcupine bites you!
* * * LOW HITPOINT WARNING * * *
Casting: Blade Hands
Confirm with . or Enter, or press ? or * to list all spells.
Your tentacles turn into razor-sharp scythe blades.
Your +1 buckler melds into your body.
You are near starving!
The porcupine misses you.
You are struck by the porcupine's spines.
You die...

*..# ##.## #...#
#####...#
##P.##...###
###..........#
#............###
#####rr.#.##..##..P#
#...@###########P.##
###..#*** ###r##
#...#*∩** #..#
##..#,,,* ##..
##.#*,,** ##.
#..*,,,** ##
##.**,,,* # *.,,,,**
# *,*,***


You could see a porcupine and a river rat.

Vanquished Creatures
  Erica (D:8)
  A hill giant (D:10)
  Pikel (D:7)
  2 trolls
  A polar bear (IceCv)
  A basilisk (Lair:1)
  23 yaks
  2 spriggans
  A hungry ghost (D:8)
  3 hippogriffs
  2 water moccasins (Lair:1)
  4 orc warriors
  A porcupine (Lair:1)
  A black bear (D:9)
  3 ice beasts
  A slave (D:7)
  2 ogres
  A phantom (D:4)
  2 wolves (IceCv)
  3 centaurs
  A crocodile (Lair:1)
  A big kobold (D:8)
  4 giant frogs
  A scorpion (D:8)
  5 killer bees (D:9)
  5 wights (D:9)
  5 howler monkeys
  3 crimson imps
  A giant frog zombie (D:8)
  6 hounds
  2 giant frog skeletons (D:9)
  2 quasits
  2 centaur skeletons
  7 orc priests
  2 iguanas
  Natasha (twice) (D:2)
  5 orc wizards
  5 worker ants
  2 hound zombies
  2 hound skeletons
  A killer bee simulacrum (D:10)
  A howler monkey skeleton (D:9)
  20 river rats
  18 adders
  14 white imps
  2 ufetubi (D:10)
  14 oozes
  An adder skeleton (D:8)
  2 adder zombies
  4 worms
  2 dart slugs (D:1)
  24 giant geckos
  34 orcs
  10 ball pythons
  7 bats
  11 giant cockroaches
  6 goblins
  6 hobgoblins
  6 jackals (D:4)
  2 quokkas
  17 giant newts
  11 kobolds
  A quokka skeleton (D:7)
  A quokka zombie (D:7)
  7 rats
  12 plants (Lair:1)
353 creatures vanquished.

Vanquished Creatures (collateral kills)
  Psyche (D:8)
  2 ogres
  Crazy Yiuf (D:6)
  A giant frog skeleton (D:6)
  Natasha (D:2)
  An orc (D:6)
  2 kobolds (D:8)
9 creatures vanquished.

Vanquished Creatures (others)
  A slave (D:7)
  A howler monkey (D:7)
  A hound (D:7)
  An orc wizard (D:7)
  3 orcs (D:7)
  A ball python (D:7)
  A plant (Lair:1)
9 creatures vanquished.

Grand Total: 371 creatures vanquished

Notes
Turn   | Place    | Note
--------------------------------------------------------------
     0 | D:1      | Geeful the Octopode Transmuter began the quest for the Orb.
     0 | D:1      | Reached XP level 1. HP: 13/13 MP: 3/3
   199 | D:1      | Reached XP level 2. HP: 16/18 MP: 3/5
   594 | D:1      | Reached XP level 3. HP: 12/23 MP: 6/6
   979 | D:2      | Noticed Natasha
   984 | D:2      | Learned a level 2 spell: Sticks to Snakes
   996 | D:2      | Killed Natasha
  1253 | D:2      | Noticed Natasha
  1263 | D:2      | Killed Natasha
  1263 | D:2      | Reached XP level 4. HP: 25/28 MP: 1/8
  1509 | D:2      | Noticed Natasha
  1657 | D:2      | Killed Natasha
  1657 | D:2      | Reached XP level 5. HP: 30/33 MP: 9/9
  1906 | D:3      | Found a glowing drain.
  2085 | Sewer    | Entered a sewer
  3008 | Sewer    | Reached XP level 6. HP: 33/38 MP: 8/10
  3618 | Sewer    | Learned a level 3 spell: Spider Form
  4326 | D:3      | Found a deep blue altar of Sif Muna.
  4342 | D:3      | HP: 1/38 [something (5)]
  4901 | D:3      | Found a sparkling altar of Nemelex Xobeh.
  5076 | D:4      | Noticed a phantom
  5099 | D:4      | Killed a phantom
  5099 | D:4      | Reached XP level 7. HP: 22/43 MP: 10/12
  5752 | D:5      | Entered Level 5 of the Dungeon
  5810 | D:5      | Found an ancient bone altar of Kikubaaqudgha.
  5863 | D:5      | Reached skill level 5 in Unarmed Combat
  6846 | D:6      | Reached XP level 8. HP: 33/48 MP: 11/14
  6991 | D:6      | Reached skill level 5 in Dodging
  7026 | D:6      | Found an oddly glowing altar of Pakellas.
  7045 | D:6      | Noticed Crazy Yiuf
  7054 | D:6      | Killed Crazy Yiuf
  7432 | D:6      | Reached skill level 5 in Transmutations
  8009 | D:7      | Noticed Pikel
  8183 | D:7      | Reached skill level 5 in Spellcasting
  8457 | D:7      | Killed Pikel
  8457 | D:7      | Reached XP level 9. HP: 44/53 MP: 15/17
  8787 | D:7      | Found a staircase to the Ecumenical Temple.
  8837 | Temple   | Entered the Ecumenical Temple
  8931 | Temple   | Became a worshipper of Dithmenos the Shadowed
  9007 | D:8      | Reached skill level 1 in Shields
  9040 | D:8      | Found Bevoip's Book Shoppe.
  9104 | D:8      | Noticed Psyche
  9161 | D:8      | Killed Psyche
  9340 | D:8      | Noticed a troll
  9388 | D:8      | Killed a troll
  9605 | D:8      | Learned a level 5 spell: Blade Hands
  9637 | D:8      | Noticed Erica
 10343 | D:8      | Reached * piety under Dithmenos
 10566 | D:8      | Reached XP level 10. HP: 16/58 MP: 14/19
 11125 | D:8      | Killed Erica
 11636 | D:9      | Found a staircase to the Orcish Mines.
 12105 | D:9      | Found a staircase to the Lair.
 12624 | D:9      | Found a roughly hewn altar of Beogh.
 13202 | D:9      | Reached ** piety under Dithmenos
 13212 | D:9      | Reached XP level 11. HP: 31/63 MP: 18/22
 13475 | D:9      | Found Raopya's Distillery.
 13483 | D:9      | Bought a potion of agility for 68 gold pieces
 13483 | D:9      | Bought a potion of flight for 51 gold pieces
 13483 | D:9      | Bought a potion of invisibility for 136 gold pieces
 13483 | D:9      | Bought a potion of magic for 136 gold pieces
 13834 | D:10     | Entered Level 10 of the Dungeon
 14038 | D:10     | Found Piosar's Assorted Antiques.
 14050 | D:10     | Noticed a hill giant
 14061 | D:10     | Killed a hill giant
 14492 | Lair:1   | Entered Level 1 of the Lair of Beasts
 14731 | Lair:1   | Found a frozen archway.
 14959 | IceCv    | Entered an ice cave
 15076 | IceCv    | Reached *** piety under Dithmenos
 16234 | Lair:1   | Reached skill level 5 in Shields
 16364 | Lair:2   | Noticed Fannar
 16414 | Lair:2   | Impaled on a porcupine's spines

Vault maps used:
D:1:      ncdulo_lavacross
D:2:      uniq_natasha
D:3:      nemelex_deck, old_standard_altar, portal_sewer_entry_f
D:4:      minivault_1
D:5:      basic_altar, first_bread
D:6:      lemuel_ice_spiral_2, grunt_pakellas_salt, uniq_crazy_yiuf_cottage
D:7:      minmay_temple_entry_junction, uniq_pikel
D:8:      serial_shops, nicolae_shop_waterfront, the_bakery, uniq_erica,
          uniq_psyche
D:9:      lair_0_dummy, minmay_orc_entry_temple_small, serial_shops, shop
D:10:     serial_ice, serial_ice_i, serial_ice_e, serial_ice_n, serial_ice_f,
          serial_shops, kennysheep_little_box, hangedman_weighted_door,
          corner_web_ring
Temple:   kilobyte_greek_temple_18
Lair:1:   portal_ice_cave_entry_imps, wad_woods_03
Lair:2:   enter_volcano_2, grunt_megastairs_1, serial_bayou_shore_b, uniq_fannar
Sewer:    sewer_frog_island_02
IceCv:    ice_cave_caverns_03

Skill      XL: |  1  2  3  4  5  6  7  8  9 10 11 |
---------------+----------------------------------+-----
Transmutations | 3 4 5 6 7 8 |  8.9
Spellcasting   | 3 4 5 6 7 8 |  8.3
Unarmed Combat | 4 5 6 7 8 9 |  9.5
Dodging        | 3 4 6 8 9 |  9.2
Shields        | 4 5 |  5.1
Fighting       | |  1.0

Action                   |  1- 3 |  4- 6 |  7- 9 | 10-12 || total
-------------------------+-------+-------+-------+-------++-------
Melee: Unarmed           |    60 |   290 |   274 |   540 ||  1164
 Cast: Beastly Appendage |     4 |    18 |    16 |     2 ||    40
       Sticks to Snakes  |     6 |     4 |    53 |       ||    63
       Spider Form       |       |     9 |    22 |    23 ||    54
       Blade Hands       |       |       |       |    27 ||    27
Evoke: Wand              |       |       |     2 |       ||     2
  Use: Potion            |       |     2 |     1 |     5 ||     8
       Scroll            |       |     1 |     6 |    14 ||    21
 Stab: Sleeping          |     4 |     7 |     8 |     2 ||    21
       Distracted        |       |       |       |     2 ||     2
  Eat: Chunk             |       |    14 |    20 |    23 ||    57
       Royal jelly       |       |       |     1 |     1 ||     2
       Fruit             |       |       |       |     1 ||     1
       Pizza             |       |       |       |     1 ||     1
       Beef jerky        |       |       |       |     1 ||     1
